 Dungeon Crawl Stone Soup version 0.30-a0-953-g5f1da4a474 (webtiles) character file.

Game seed: 4288292263694405069

806 xian the Cudgeller (level 7, -6/44 HPs)
             Began as a Gargoyle Fighter on Mar 28, 2023.
             Was a Priest of Jiyva.
             Mangled by an ogre
             ... wielding a +0 giant club
              (25 damage)
             ... on level 5 of the Dungeon on Mar 29, 2023.
             The game lasted 00:11:46 (3801 turns).

xian the Cudgeller (Gargoyle Fighter)               Turns: 3801, Time: 00:11:46

Health: -6/44      AC: 17    Str: 22    XL:     7   Next: 91%
Magic:  7/7        EV:  6    Int:  8    God:    Jiyva [***...]
Gold:   210        SH:  4    Dex:  9    Spells: 6/6 levels left

rFire   x . .      SeeInvis .    a - +0 flail
rCold   + . .      Faith    .    c - +0 buckler
rNeg    + . .      Spirit   .    q - +0 plate armour
rPois   ∞          Reflect  .    (no helmet)
rElec   +          Rampage  .    (no cloak)
rCorr   +                        (gloves unavailable)
Will    .....                    (no boots) Stlth
                                 (no amulet)
HPRegen 1.39/turn                b - ring of ice
MPRegen 0.45/turn                (no ring)

@: no status effects
A: sickness immunity, AC +4, negative energy resistance 1, electricity
resistance, torment resistance 1, petrification resistance, claws 3, engulf
a: Renounce Religion, Oozemancy


You were on level 5 of the Dungeon.
You worshipped Jiyva.
Jiyva was most pleased with you.
You visited 1 branch of the dungeon, and saw 5 of its levels.
You also visited: Sewer.

You collected 210 gold pieces.

Inventory:

Hand Weapons
 a - a +0 flail (weapon)
Missiles
 g - 55 stones (quivered)
 j - 14 poisoned darts
 r - 6 boomerangs
Armour
 c - a +0 buckler (worn)
 q - a +0 plate armour (worn)
 t - a +0 pair of gloves
Jewellery
 b - a ring of ice (left claw)
Wands
 v - a wand of roots (12)
Scrolls
 e - a scroll of vulnerability
 f - 3 scrolls of teleportation
 o - a scroll of amnesia
 w - a scroll of magic mapping
Potions
 d - 5 potions of might
 h - a potion of resistance {unknown}
 i - a potion of ambrosia {unknown}
 k - 3 potions of heal wounds
 l - a potion of lignification {unknown}
 m - a potion of flight
 n - a potion of mutation {unknown}
 p - a potion of magic {unknown}
 s - a potion of brilliance {unknown}
 u - a potion of curing {unknown}


   Skills:
 + Level 5.3 Fighting
 + Level 5.5 Maces & Flails
 + Level 5.5 Armour
 + Level 1.0 Dodging
 + Level 0.2 Stealth
 + Level 4.8 Shields


You had 6 spell levels left.
You didn't know any spells.
Your spell library contained the following spells:

 Spells                   Type           Power      Damage    Failure   Level
 Sandblast                Erth           0%         2d4       100%        1
 Passwall                 Tmut/Erth      0%         N/A       100%        2
 Wereblood                Tmut           0%         N/A       100%        2
 Stone Arrow              Conj/Erth      0%         3d7       100%        3
 Summon Hydra             Summ           0%         N/A       100%        7
 Sublimation of Blood     Necr           Unusable   N/A       N/A         2

Dungeon Overview and Level Annotations

Branches:
Dungeon (5/15)              Sewer (visited)
 Temple: D:4-7

Altars:
Okawaru
Xom
Jiyva

Shops:
D:4 [


Innate Abilities, Weirdness & Mutations

You are immune to sickness and miasma.
Your stone body is resilient. (AC +4)
You are immune to poison.
You resist negative energy. (rN+)
You are resistant to electric shocks. (rElec)
You are resistant to unholy torment.
You are immune to petrification.
You have claws for hands.
Your melee attacks may engulf your foes in ooze.


Message History

The jackal bites you but does no damage.
The jackal bites you. The jackal barely misses you.
You hit the jackal.
You kill the jackal!
The jackal bites you but does no damage.
The jelly hits the jackal but does no damage.
You block the jackal's attack.
The jelly barely misses the jackal.
The jackal bites you but does no damage.
You see here a jackal corpse.
The jackal closely misses you.
You thump the jackal!
You kill the jackal!
You swap places.
You hear a slurping noise.
You hear a series of splatters.
You hear a distant slurping noise.
An ogre comes into view. It is wielding a +0 giant club.
The ogre shouts!
You barely miss the ogre. The ogre barely misses you.
You hear a distant slurping noise.
You hit the ogre.
The ogre is moderately wounded.
The ogre closely misses you.
You hit the ogre.
The ogre is heavily wounded.
You hit the ogre but do no damage.
The ogre is heavily wounded.
The ogre hits you with a +0 giant club!!
You hit the ogre.
The ogre is heavily wounded.
The ogre hits you with a +0 giant club!
You hit the ogre but do no damage.
The ogre is heavily wounded.
You hear a distant slurping noise.
The ogre hits you with a +0 giant club.
You completely miss the ogre.
The ogre is heavily wounded.
The ogre hits you with a +0 giant club!!
Ouch! That really hurt!
You die...

.......###.#
.....### #.# #....
...#.#####.# #.#.#
...#....##.#
#.#.###
...####..#.###.#...
...# ##.........#
...# ##........#
...# ###.......#
...# #........@#
#### #.#####.#O#
#.# #.#.# #.# #.#.#
#.# #...# #.# ##..#
#.# ... #.# ....
...


You could see an ogre.

Vanquished Creatures
  Eustachio (D:5)
  A black bear (D:4)
  An ice beast (D:5)
  A scorpion (D:5)
  Dowan (D:5)
  4 hounds
  2 iguanas
  An orc wizard (D:5)
  4 adders
  10 river rats (Sewer)
  4 worms
  2 dart slugs
  5 orcs
  4 bats
  4 endoplasms (D:1)
  3 giant cockroaches (D:4)
  5 goblins
  6 hobgoblins
  4 jackals
  5 quokkas
  3 ball pythons
  A frilled lizard (D:1)
  20 kobolds
  10 rats
102 creatures vanquished.

Vanquished Creatures (others)
  Duvessa (D:5)
  A black bear (D:5)
  2 jellies (D:5)
  A hound (D:5)
  A sleepcap (D:5)
  2 adders
  A river rat (Sewer)
  3 endoplasms
  A giant cockroach (D:4)
  2 jackals
  3 quokkas
  4 ball pythons (Sewer)
  A bat (D:3)
  A kobold (Sewer)
  9 rats (Sewer)
33 creatures vanquished.

Grand Total: 135 creatures vanquished

Notes
Turn   | Place    | Note
-------+----------+-------------------------------------------
     0 | D:1      | xian the Gargoyle Fighter began the quest for the Orb.
     0 | D:1      | Reached XP level 1. HP: 14/14 MP: 1/1
   291 | D:1      | Reached XP level 2. HP: 19/20 MP: 2/2
   378 | D:1      | HP: 1/20 [frozen (5)]
   953 | D:2      | Reached XP level 3. HP: 19/24 MP: 3/3
  1243 | D:2      | Found a faded altar of an unknown god.
  1258 | D:2      | Prayed at the altar of an unknown god.
  1258 | D:2      | Became a worshipper of Jiyva Jufahoiz the Shapeless
  1258 | D:2      | Reached * piety under Jiyva
  1623 | D:3      | Reached XP level 4. HP: 26/29 MP: 4/4
  1686 | D:3      | Found an iron altar of Okawaru.
  1846 | D:3      | Reached ** piety under Jiyva
  2391 | D:4      | Reached XP level 5. HP: 34/34 MP: 5/5
  2474 | D:4      | Found a shimmering altar of Xom.
  2530 | D:4      | Noticed a black bear
  2537 | D:4      | Found a glowing drain.
  2550 | Sewer    | Entered a sewer
  2856 | Sewer    | Reached XP level 6. HP: 38/39 MP: 6/6
  2858 | Sewer    | Reached *** piety under Jiyva
  3032 | D:4      | Gained mutation: You have sharp fingernails. [Jiyva's
                  | grace]
  3032 | D:4      | Gained mutation: You have very sharp fingernails. [Jiyva's
                  | grace]
  3032 | D:4      | Gained mutation: You have claws for hands. [Jiyva's grace]
  3032 | D:4      | Gained mutation: Your melee attacks may engulf your foes in
                  | ooze. [Jiyva's grace]
  3059 | D:4      | Killed a black bear
  3090 | D:4      | Found Yfepse's Armour Shop.
  3479 | D:5      | Entered Level 5 of the Dungeon
  3528 | D:5      | Noticed an ice beast
  3546 | D:5      | Killed an ice beast
  3590 | D:5      | Reached XP level 7. HP: 44/44 MP: 7/7
  3645 | D:5      | Noticed Dowan
  3646 | D:5      | Noticed Duvessa
  3653 | D:5      | Reached skill level 5 in Fighting
  3653 | D:5      | Reached skill level 5 in Armour
  3655 | D:5      | Killed Dowan
  3663 | D:5      | Killed Duvessa
  3664 | D:5      | Reached skill level 5 in Maces & Flails
  3664 | D:5      | Reached skill level 1 in Dodging
  3728 | D:5      | Noticed Eustachio
  3742 | D:5      | Killed Eustachio
  3801 | D:5      | Mangled by an ogre

Illustrated notes

Levels and vault maps discovered:
D:1:      dpeg_arrival_windows_large_door, layout_loops_ring,
          minmay_misc_feat_tower, minmay_misc_feat_roman
D:2:      layout_basic, hellmonk_ecumenical_altar_inner_sanctum
D:3:      layout_basic, okawaru_trees_1
D:4:      layout_basic, amcnicky_altar_gilded, portal_sewer_entry_f,
          serial_shops, nicolae_shop_competitors_out_of_business,
          chequers_serial_rivers_micro_e, minmay_misc_feat_doors,
          minmay_misc_feat_rugged
D:5:      layout_basic, uniq_eustachio, uniq_duvessa

Skill      XL: |  1  2  3  4  5  6  7 |
---------------+----------------------+-----
Fighting       | 4 5 |  5.3
Armour         | 4 5 |  5.5
Maces & Flails | 3 4 5 |  5.5
Shields        | 4 |  4.8
Dodging        | 1 |  1.0
Stealth        | |  0.2

Action                     |  1- 3 |  4- 6 |  7- 9 || total
---------------------------+-------+-------+-------++-------
  Melee: Flail             |   121 |   261 |    55 ||   437
  Throw: Stone             |    10 |       |       ||    10
    Use: Scroll            |       |     7 |       ||     7
 Armour: Scale mail        |    73 |       |       ||    73
         Plate armour      |    22 |   316 |    77 ||   415
  Dodge: Dodged            |    72 |   125 |    30 ||   227
  Block: Buckler           |    23 |    85 |    23 ||   131

Table legend: (Time is in decaauts)
 A = Elapsed time spent in this place.
 B = Non-inter-level travel time spent in this place.
 C = Inter-level travel time spent in this place.
 D = Time resting spent in this place.
 E = Time spent auto-exploring this place.
 F = Levels seen in this place.
 G = Mean time per level.
                   A        B        C        D        E       F      G
               +--------+--------+--------+--------+--------+-----+--------+
         Total |   3928 |   3856 |     72 |      0 |   2296 |   6 |  654.7 |
       Dungeon |   3414 |   3342 |     72 |      0 |   2138 |   5 |  682.8 |
         Sewer |    513 |    513 |      0 |      0 |    158 |   1 |  513.0 |
               +--------+--------+--------+--------+--------+-----+--------+

Top non-repeatable levels by time:
     D:1: 953 daAuts
     D:4: 761 daAuts
     D:2: 686 daAuts
     D:3: 672 daAuts
   Sewer: 513 daAuts
     D:5: 341 daAuts
